AoeStats
← simirfan

Black Forest

509682733Analyzed
3v3 RM · 21d ago on Sep 27, 2026· 45m 21s· 6 players
Game mode
Random Map
Map size
Normal (6 player)
Population
200
Speed
Normal
Resources
Standard
Victory
Conquest
Starting age
Dark Age
Ending age
Imperial Age
RankedLock teamsTeams togetherTeam positionsShared explorationLock speedFull tech treeHidden civsTurbo modeCheats
Victory
Defeat
🇺🇸 Japanese · United States
1273
+13
🇨🇳 Mongols · China
1268
+14
🇫🇷 Khmer · France
1169
+18
vs
🇹🇷 Goths · Türkiye
1243
-16
🇹🇷 Celts · Türkiye
1229
-16
🇹🇷 Bohemians · Türkiye
1170
-13
Labelgique001
8:42 Loom
10:37 Feudal Age
13:22 Double-Bit Axe
15:50 Castle Age
14:33 Gold Mining
16:46 Scale Barding Armor
18:05 Horse Collar
22:02 Bow Saw
26:57 Wheelbarrow
30:03 Town Watch
30:37 Hand Cart
30:44 Chain Barding Armor
30:35 Forging
33:33 Bloodlines
33:24 Husbandry
34:44 Tusk Swords
40:56 Imperial Age
38:51 Light Cavalry
40:02 Heavy Plow
41:11 Gold Shaft Mining
41:01 Elite Ballista Elephant
42:48 Chemistry
42:27 Plate Barding Armor
43:00 Double Crossbow
42:22 Hussar
46:04 Siege Engineers
tiger.blah7
6:26 Loom
8:55 Feudal Age
9:00 Man-at-Arms
9:35 Double-Bit Axe
10:04 Arson
15:51 Fletching
22:43 Castle Age
20:40 Horse Collar
21:00 Gold Mining
21:31 Padded Archer Armor
23:30 Bodkin Arrow
22:57 Crossbowman
23:55 Bow Saw
30:53 Stone Mining
32:29 Wheelbarrow
33:39 Heavy Plow
34:25 Hand Cart
35:10 Gold Shaft Mining
38:49 Imperial Age
36:51 Scale Mail Armor
37:02 Forging
36:57 Squires
37:28 Town Watch
38:21 Chain Mail Armor
37:58 Gambesons
39:45 Iron Casting
39:58 Conscription
39:23 Elite Samurai
41:58 Two-Man Saw
42:03 Plate Mail Armor
44:30 Blast Furnace
pickmyself or end
0:34 Loom
10:47 Feudal Age
12:06 Double-Bit Axe
12:05 Horse Collar
15:02 Castle Age
16:03 Bow Saw
16:26 Heavy Plow
17:35 Wheelbarrow
18:25 Town Watch
24:33 Hand Cart
25:17 Stone Mining
25:17 Gold Mining
29:14 Imperial Age
27:34 Gold Shaft Mining
27:36 Stone Shaft Mining
27:36 Fletching
27:46 Padded Archer Armor
28:00 Fervor
29:40 Bodkin Arrow
30:00 Leather Archer Armor
30:25 Conscription
30:31 Thumb Ring
29:47 Elite Mangudai
30:10 Capped Ram
30:54 Bracer
30:17 Light Cavalry
31:24 Bloodlines
31:14 Husbandry
31:33 Forging
31:28 Scale Barding Armor
31:41 Hussar
32:49 Drill
31:55 Siege Ram
32:16 Onager
33:52 Iron Casting
34:21 Chain Barding Armor
33:40 Siege Ram
35:49 Ballistics
36:29 Chemistry
35:59 Parthian Tactics
38:08 Coinage
38:41 Blast Furnace
39:36 Siege Engineers
39:42 Masonry
39:42 Fortified Wall
40:04 Banking
41:02 Hoardings
42:26 Siege Onager
simirfan
0:28 Loom
13:22 Feudal Age
15:17 Double-Bit Axe
15:41 Horse Collar
16:41 Gold Mining
16:42 Stone Mining
21:27 Castle Age
29:08 Wheelbarrow
28:19 Town Watch
30:40 Heavy Plow
32:35 Padded Archer Armor
32:26 Fletching
32:37 Scale Mail Armor
38:12 Fervor
38:03 Devotion
38:41 Hand Cart
40:20 Pikeman
40:46 Arson
44:47 Murder Holes
45:03 Fortified Wall
48:18 Imperial Age
Geosim
0:26 Loom
12:17 Feudal Age
12:29 Man-at-Arms
14:19 Forging
14:09 Scale Mail Armor
14:44 Double-Bit Axe
14:53 Gold Mining
15:57 Horse Collar
19:51 Wheelbarrow
22:35 Castle Age
23:09 Long Swordsman
23:50 Squires
24:26 Iron Casting
24:07 Chain Mail Armor
23:15 Pikeman
26:38 Bow Saw
28:18 Heavy Plow
31:38 Hand Cart
31:53 Stone Mining
39:34 Imperial Age
37:53 Anarchy
39:40 Elite Huskarl
43:53 Blast Furnace
M.S.
0:26 Loom
13:01 Feudal Age
14:55 Double-Bit Axe
15:05 Horse Collar
19:12 Castle Age
19:17 Wheelbarrow
21:49 Heavy Plow
22:02 Bow Saw
25:22 Fervor
26:08 Hand Cart
31:10 Imperial Age
29:46 Squires
29:51 Scale Mail Armor
31:14 Chemistry
29:40 Pikeman
31:12 Fortified Wall
31:23 Ballistics
31:18 Arson
31:45 Forging
31:50 Chain Mail Armor
32:39 Hand Cart
32:34 Halberdier
33:57 Iron Casting
35:14 Two-Man Saw
36:55 Town Watch
37:40 Town Patrol
41:00 Padded Archer Armor
40:50 Fletching
42:01 Blast Furnace
41:31 Plate Mail Armor
41:07 Scale Barding Armor
41:28 Elite Hussite Wagon
Connection lost

Rejoining the realm…

Still unreachable

The connection could not be restored.

Session expired

The server has moved on; the page needs a fresh start.